Construct Infanterie Kompanie
Construct Panzergrenadier Kompanie
Pak 40 Anti-tank Gun Team
Construct Panzer Kompanie
Nebelwerfer 42 Rocket Launcher Team
Construct Luftwaffe Kompanie
Selects Mechanized Battlegroup
Selects StuG Assault Group
Selects UNKNOWN (2160084)
Selects Wespe Self-propelled Artillery
Selects Zeroing Artillery Barrage
Zeroing Artillery Barrage
Wespe Self-propelled Artillery
Wespe Self-propelled Artillery
Zeroing Artillery Barrage